TOP OF THE 1ST |
Chattanooga Chinpokomon batting - Pitching for Birmingham Barons : RHP Pedro Valdés
|
Pitching: RHP Pedro Valdés
|
|
Batting: LHB Elvin Summers
|
0-0: Called Strike 0-1: SINGLE (Line Drive, 89M)
|
Batting: RHB Luis Antonio Velásquez
|
0-0: Called Strike 0-1: Ball 1-1: Foul Ball, location: 2F 1-2: Strikes out swinging
|
Batting: RHB Tom Hicks
|
0-0: Ball 1-0: SINGLE (Groundball, 34D) Elvin Summers to second Runner from 2nd tries for 3rd, SAFE, no throw
|
Batting: RHB Jesús Tisnado
|
0-0: Ball 1-0: Swinging Strike 1-1: Swinging Strike 1-2: Ball 2-2: Foul Ball, location: 2F 2-2: Foul Ball, location: 2F 2-2: Ball 3-2: Strikes out swinging
|
Batting: RHB Ricardo Salazar
|
0-0: Ball 1-0: Fielders Choice at 2nd, 6-4 (Groundball, 6)
|
Top of the 1st over - 0 runs, 2 hits, 0 errors, 2 left on base; Chattanooga 0 - Birmingham 0 |
BOTTOM OF THE 1ST |
Birmingham Barons batting - Pitching for Chattanooga Chinpokomon : LHP Rob Price
|
Pitching: LHP Rob Price
|
|
Batting: LHB Salvador López
|
0-0: Fly out, F7 (Flyball, 7S)
|
Batting: RHB Jesús Velásquez
|
0-0: Ball 1-0: DOUBLE (Groundball, 5L)
|
Batting: LHB José Rivera
|
0-0: Ground out 4-3 (Groundball, 4) Jesús Velásquez to third
|
Batting: RHB Fred Moulds
|
0-0: Called Strike 0-1: Fly out, F4 (Popup, 4M)
|
Bottom of the 1st over - 0 runs, 1 hit, 0 errors, 1 left on base; Chattanooga 0 - Birmingham 0 |
TOP OF THE 2ND |
Chattanooga Chinpokomon batting - Pitching for Birmingham Barons : RHP Pedro Valdés
|
Batting: SHB Roberto Rivera
|
0-0: Foul Ball, location: 2F 0-1: Ball 1-1: Ball 2-1: Foul Ball, location: 2F 2-2: Strikes out swinging
|
Batting: RHB Felipe Rego
|
0-0: Ball 1-0: Ball 2-0: Foul Ball, location: 2F 2-1: Foul Ball, location: 2F 2-2: DOUBLE (Line Drive, 7LS)
|
Batting: LHB Mario Cornelo
|
0-0: Swinging Strike 0-1: Foul Ball, location: 2F 0-2: Fly out, F6 (Popup, 6)
|
Batting: RHB Ichizo Akiyama
|
0-0: Ball 1-0: Fly out, F5 (Popup, 56)
|
Top of the 2nd over - 0 runs, 1 hit, 0 errors, 1 left on base; Chattanooga 0 - Birmingham 0 |
BOTTOM OF THE 2ND |
Birmingham Barons batting - Pitching for Chattanooga Chinpokomon : LHP Rob Price
|
Batting: RHB Lorenzo Tamayo
|
0-0: Ball 1-0: Ball 2-0: Ball 3-0: Called Strike 3-1: Foul Ball, location: 2F 3-2: Ground out 5-3 (Groundball, 56)
|
Batting: RHB Reinaldo Amarante
|
0-0: Ball 1-0: Foul Ball, location: 2F 1-1: Foul Ball, location: 2F 1-2: Ball 2-2: Ball 3-2: Foul Ball, location: 2F 3-2: Foul Ball, location: 2F 3-2: Base on Balls
|
Batting: RHB Carlos Vásquez
|
0-0: Swinging Strike 0-1: Ball 1-1: Foul Ball, location: 2F 1-2: Foul Ball, location: 2F 1-2: Strikes out swinging
|
Batting: RHB Bob McDonald
|
0-0: SINGLE (Line Drive, 3) Reinaldo Amarante to second Runner from 2nd tries for 3rd, SAFE, no throw
|
Batting: RHB Frederick Curtis
|
0-0: Called Strike 0-1: Swinging Strike 0-2: Ball 1-2: Foul Ball, location: 2F 1-2: Ball 2-2: Fielders Choice at 2nd, 5-4 (Groundball, 5)
|
Bottom of the 2nd over - 0 runs, 1 hit, 0 errors, 2 left on base; Chattanooga 0 - Birmingham 0 |
TOP OF THE 3RD |
Chattanooga Chinpokomon batting - Pitching for Birmingham Barons : RHP Pedro Valdés
|
Batting: LHB Elvin Summers
|
0-0: Ball 1-0: Called Strike 1-1: Ball 2-1: Ball 3-1: Base on Balls
|
Batting: RHB Luis Antonio Velásquez
|
0-0: Ball 1-0: Foul Ball, location: 2F 1-1: Grounds into double play, 6-4-3 (Groundball, 6)
|
Batting: RHB Tom Hicks
|
0-0: Foul Ball, location: 2F 0-1: Ball 1-1: Ball 2-1: Ball 3-1: Base on Balls
|
Batting: RHB Jesús Tisnado
|
0-0: Foul Ball, location: 2F 0-1: Called Strike 0-2: Ball 1-2: Fly out, F9 (Flyball, 9LD)
|
Top of the 3rd over - 0 runs, 0 hits, 0 errors, 1 left on base; Chattanooga 0 - Birmingham 0 |
BOTTOM OF THE 3RD |
Birmingham Barons batting - Pitching for Chattanooga Chinpokomon : LHP Rob Price
|
Batting: LHB Salvador López
|
0-0: Ball 1-0: Foul Ball, location: 2F 1-1: Fly out, F9 (Flyball, 9S)
|
Batting: RHB Jesús Velásquez
|
0-0: Ball 1-0: Fly out, F7 (Flyball, 7S)
|
Batting: LHB José Rivera
|
0-0: Ground out 4-3 (Groundball, 4)
|
Bottom of the 3rd over - 0 runs, 0 hits, 0 errors, 0 left on base; Chattanooga 0 - Birmingham 0 |
TOP OF THE 4TH |
Chattanooga Chinpokomon batting - Pitching for Birmingham Barons : RHP Pedro Valdés
|
Batting: RHB Ricardo Salazar
|
0-0: Swinging Strike 0-1: Called Strike 0-2: Ball 1-2: Ball 2-2: Ball 3-2: Foul Ball, location: 2F 3-2: Fly out, F7 (Flyball, 7D)
|
Batting: SHB Roberto Rivera
|
0-0: Ball 1-0: Ground out 6-3 (Groundball, 6D)
|
Batting: RHB Felipe Rego
|
0-0: Swinging Strike 0-1: Foul Ball, location: 2F 0-2: Ball 1-2: Strikes out looking
|
Top of the 4th over - 0 runs, 0 hits, 0 errors, 0 left on base; Chattanooga 0 - Birmingham 0 |
BOTTOM OF THE 4TH |
Birmingham Barons batting - Pitching for Chattanooga Chinpokomon : LHP Rob Price
|
Batting: RHB Fred Moulds
|
0-0: Called Strike 0-1: Fly out, F7 (Flyball, 7S)
|
Batting: RHB Lorenzo Tamayo
|
0-0: Ball 1-0: Called Strike 1-1: Ball 2-1: Ball 3-1: Base on Balls
|
Batting: RHB Reinaldo Amarante
|
0-0: Fly out, F8 (Flyball, 8LM)
|
Batting: RHB Carlos Vásquez
|
0-0: Called Strike 0-1: Foul Ball, location: 2F 0-2: Fly out, F3 (Popup, 23)
|
Bottom of the 4th over - 0 runs, 0 hits, 0 errors, 1 left on base; Chattanooga 0 - Birmingham 0 |
TOP OF THE 5TH |
Chattanooga Chinpokomon batting - Pitching for Birmingham Barons : RHP Pedro Valdés
|
Batting: LHB Mario Cornelo
|
0-0: Ball 1-0: Ball 2-0: Swinging Strike 2-1: Ball 3-1: Base on Balls
|
Batting: RHB Ichizo Akiyama
|
0-0: Ball Wild Pitch! Mario Cornelo to second 1-0: Ball 2-0: Swinging Strike 2-1: Foul Ball, location: 2F 2-2: Foul Ball, location: 2F 2-2: Strikes out swinging
|
Batting: LHB Elvin Summers
|
0-0: Called Strike 0-1: SINGLE (Groundball, 4D) Mario Cornelo to third Runner from 3rd tries for Home, SAFE, no throw
|
Batting: RHB Luis Antonio Velásquez
|
0-0: Ball 1-0: SINGLE (Line Drive, 56D) Elvin Summers to second
|
Batting: RHB Tom Hicks
|
0-0: Foul Ball, location: 2F 0-1: Foul Ball, location: 2F 0-2: Foul Ball, location: 2F 0-2: Ball 1-2: Ball 2-2: Strikes out swinging
|
Batting: RHB Jesús Tisnado
|
0-0: Ball 1-0: Ball 2-0: Called Strike 2-1: Swinging Strike 2-2: Strikes out swinging
|
Top of the 5th over - 1 run, 2 hits, 0 errors, 2 left on base; Chattanooga 1 - Birmingham 0 |
BOTTOM OF THE 5TH |
Birmingham Barons batting - Pitching for Chattanooga Chinpokomon : LHP Rob Price
|
Batting: RHB Bob McDonald
|
0-0: Called Strike 0-1: Ball 1-1: Called Strike 1-2: Strikes out looking
|
Batting: RHB Frederick Curtis
|
0-0: Ball 1-0: Ball 2-0: Ball 3-0: Base on Balls
|
Batting: LHB Salvador López
|
0-0: SINGLE (Line Drive, 4D) Frederick Curtis to second
|
Batting: RHB Jesús Velásquez
|
0-0: Called Strike 0-1: Foul Ball, location: 2F 0-2: Fly out, F8 (Line Drive, 8LXD) Runner from 2nd tags up, SAFE at 3rd, no throw
|
Batting: LHB José Rivera
|
0-0: Ball 1-0: Ball 2-0: Foul Ball, location: 2F 2-1: Foul Ball, location: 2F 2-2: Strikes out swinging
|
Bottom of the 5th over - 0 runs, 1 hit, 0 errors, 2 left on base; Chattanooga 1 - Birmingham 0 |
TOP OF THE 6TH |
Chattanooga Chinpokomon batting - Pitching for Birmingham Barons : RHP Pedro Valdés
|
Batting: RHB Ricardo Salazar
|
0-0: Ball 1-0: Foul Ball, location: 2F 1-1: Ball 2-1: Fly out, F9 (Flyball, 89M)
|
Batting: SHB Roberto Rivera
|
0-0: Ball 1-0: Foul Ball, location: 2F 1-1: Ball 2-1: Fly out, F8 (Flyball, 8RS)
|
Batting: RHB Felipe Rego
|
0-0: Foul Ball, location: 2F 0-1: Swinging Strike 0-2: Strikes out looking
|
Top of the 6th over - 0 runs, 0 hits, 0 errors, 0 left on base; Chattanooga 1 - Birmingham 0 |
BOTTOM OF THE 6TH |
Birmingham Barons batting - Pitching for Chattanooga Chinpokomon : LHP Rob Price
|
Batting: RHB Fred Moulds
|
0-0: Called Strike 0-1: Swinging Strike 0-2: Fly out, F7 (Flyball, 7LD)
|
Batting: RHB Lorenzo Tamayo
|
0-0: Called Strike 0-1: Ball 1-1: Ball 2-1: Called Strike 2-2: Foul Ball, location: 2F 2-2: Foul Ball, location: 2F 2-2: Foul Ball, location: 2F 2-2: Ball 3-2: Strikes out swinging
|
Batting: RHB Reinaldo Amarante
|
0-0: Ball 1-0: Foul Ball, location: 2F 1-1: SINGLE (Line Drive, 9S)
|
Batting: RHB Carlos Vásquez
|
0-0: Ball 1-0: Called Strike 1-1: Fly out, F3 (Popup, 3)
|
Bottom of the 6th over - 0 runs, 1 hit, 0 errors, 1 left on base; Chattanooga 1 - Birmingham 0 |
TOP OF THE 7TH |
Chattanooga Chinpokomon batting - Pitching for Birmingham Barons : RHP Pedro Valdés
|
Batting: LHB Mario Cornelo
|
0-0: Fly out, F9 (Flyball, 89M)
|
Batting: RHB Ichizo Akiyama
|
0-0: Fly out, F7 (Flyball, 7S)
|
Batting: LHB Elvin Summers
|
0-0: Ball 1-0: Called Strike 1-1: Ball 2-1: Ball 3-1: Ground out 5-3 (Groundball, 56D)
|
Top of the 7th over - 0 runs, 0 hits, 0 errors, 0 left on base; Chattanooga 1 - Birmingham 0 |
BOTTOM OF THE 7TH |
Birmingham Barons batting - Pitching for Chattanooga Chinpokomon : LHP Rob Price
|
Pitching: LHP Mario Solíz
|
|
Batting: RHB Bob McDonald
|
0-0: Called Strike 0-1: SINGLE (Line Drive, 8LS)
|
Pinch Hitting: RHB Sixto Vélez
|
0-0: Ball 1-0: Sac Bunt - play at first, batter OUT! 5-4 Bob McDonald to second
|
Pinch Hitting: SHB Randy Anderson
|
0-0: Called Strike 0-1: Foul Ball, location: 2F 0-2: Ball 1-2: Ball 2-2: Ball 3-2: Foul Ball, location: 2F 3-2: TRIPLE (Line Drive, 78XD) Bob McDonald scores
|
Pinch Hitting: RHB Chris Parker
|
0-0: Intentional Walk
|
Pinch Hitting: RHB Dean Bailey
|
0-0: Ball 1-0: Ball Balk! Randy Anderson scores Chris Parker to second 2-0: Fly out, F4 (Popup, 34S)
|
Pitching: LHP Bob Quested
|
|
Batting: RHB Fred Moulds
|
0-0: Called Strike 0-1: Ball 1-1: SINGLE (Groundball, 4MD) Chris Parker to third Runner from 3rd tries for Home, SAFE, throw made home
|
Batting: RHB Lorenzo Tamayo
|
0-0: Called Strike 0-1: Ball 1-1: Ball 2-1: Foul Ball, location: 2F 2-2: Ball 3-2: SINGLE (Line Drive, 56) Fred Moulds to second Fred Moulds to third
|
Batting: RHB Reinaldo Amarante
|
0-0: Called Strike 0-1: Ball 1-1: Fly out, F4 (Line Drive, 4)
|
Bottom of the 7th over - 3 runs, 4 hits, 0 errors, 2 left on base; Chattanooga 1 - Birmingham 3 |
TOP OF THE 8TH |
Chattanooga Chinpokomon batting - Pitching for Birmingham Barons : RHP Pedro Valdés
|
Pitching: RHP Ken Lyons
|
|
Now at 1B: Pancho Ruíz
|
|
Now in LF: Juan Morales
|
|
Now in CF: Alberto Santos
|
|
Now in RF: Dean Bailey
|
|
Batting: RHB Luis Antonio Velásquez
|
0-0: Called Strike 0-1: Ball 1-1: Called Strike 1-2: Ball 2-2: Strikes out swinging
|
Batting: RHB Tom Hicks
|
0-0: Ball 1-0: Called Strike 1-1: Ball 2-1: Ball 3-1: Called Strike 3-2: Foul Ball, location: 2F 3-2: SINGLE (Groundball, 34D)
|
Batting: RHB Jesús Tisnado
|
0-0: Ball 1-0: Ball 2-0: Foul Ball, location: 2F 2-1: Called Strike 2-2: Ball 3-2: Foul Ball, location: 2F 3-2: Strikes out swinging Tom Hicks steals 2nd base Batter strikes out.
|
Batting: RHB Ricardo Salazar
|
0-0: Ball 1-0: Ball 2-0: Ball 3-0: Called Strike 3-1: SINGLE (Flyball, 89S) Tom Hicks to third Runner from 3rd tries for Home, SAFE, no throw
|
Batting: SHB Roberto Rivera
|
0-0: Ball 1-0: Called Strike 1-1: SINGLE (Line Drive, 7LS) Ricardo Salazar to second
|
Batting: RHB Felipe Rego
|
0-0: Called Strike 0-1: Called Strike 0-2: Strikes out swinging, 2-3 out at first.
|
Top of the 8th over - 1 run, 3 hits, 0 errors, 2 left on base; Chattanooga 2 - Birmingham 3 |
BOTTOM OF THE 8TH |
Birmingham Barons batting - Pitching for Chattanooga Chinpokomon : LHP Bob Quested
|
Batting: RHB Carlos Vásquez
|
0-0: Ground out 5-3 (Groundball, 25)
|
Batting: RHB Bob McDonald
|
0-0: Called Strike 0-1: Foul Ball, location: 2F 0-2: Foul Ball, location: 2F 0-2: Ball 1-2: Fly out, F9 (Flyball, 9S)
|
Batting: RHB Juan Morales
|
0-0: TRIPLE (Flyball, 89XD)
|
Batting: SHB Pancho Ruíz
|
0-0: Ball 1-0: Ball 2-0: Ground out 5-3 (Groundball, 56S)
|
Bottom of the 8th over - 0 runs, 1 hit, 0 errors, 1 left on base; Chattanooga 2 - Birmingham 3 |
TOP OF THE 9TH |
Chattanooga Chinpokomon batting - Pitching for Birmingham Barons : RHP Ken Lyons
|
Pitching: RHP Carlos Castillo
|
|
Batting: LHB Mario Cornelo
|
0-0: SINGLE (Flyball, 89M)
|
Batting: RHB Ichizo Akiyama
|
0-0: Ball 1-0: Sac Bunt - play at first, batter OUT! 5-4 Mario Cornelo to second
|
Batting: LHB Elvin Summers
|
0-0: Ball 1-0: Foul Ball, location: 2F 1-1: Ball 2-1: Ball 3-1: Foul Ball, location: 2F 3-2: Base on Balls
|
Batting: RHB Luis Antonio Velásquez
|
0-0: Fly out, F1 (Line Drive, 13)
|
Batting: RHB Tom Hicks
|
0-0: Called Strike 0-1: Ball 1-1: Called Strike 1-2: Ball 2-2: Strikes out swinging
|
Top of the 9th over - 0 runs, 1 hit, 0 errors, 2 left on base; Chattanooga 2 - Birmingham 3 |
|